 Dungeon Crawl Stone Soup version 0.28-a0-872-g80cf8599ee (webtiles) character file.

Game seed: 4816980715482412026

8 tatocazan the Skirmisher (level 2, 24/24 HPs)
             Began as a Demonspawn Fighter on Nov 20, 2021.
             Quit the game on level 1 of the Dungeon.
             The game lasted 00:00:36 (522 turns).

tatocazan the Skirmisher (Demonspawn Fighter)        Turns: 522, Time: 00:00:37

Health: 24/24      AC:  6    Str: 16    XL:     2   Next: 0%
Magic:  2/2        EV:  6    Int: 11    God:
Gold:   0          SH:  8    Dex: 12    Spells: 1/1 levels left

rFire   . . .      SeeInvis .   a - +0 war axe
rCold   . . .      Faith    .   e - +0 kite shield
rNeg    . . .      Spirit   .   b - +0 scale mail
rPois   .          Reflect  .   (no helmet)
rElec   .          Harm     .   (no cloak)
rCorr   .          Rampage  .   (no gloves)
Will    .....                   (no boots)
Stlth   ..........              (no amulet)
HPRegen 0.08/turn               (no ring)
MPRegen 0.08/turn               (no ring)

@: no status effects
A: big brain 1
a: no special abilities


You were on level 1 of the Dungeon.
You visited 1 branch of the dungeon, and saw 1 of its levels.

Inventory:

Hand Weapons
 a - a +0 war axe (weapon)
Armour
 b - a +0 scale mail (worn)
 e - a +0 kite shield (worn)
Potions
 d - a potion of might


   Skills:
 + Level 3.1 Fighting
 + Level 2.0 Axes
 + Level 2.8 Armour
 + Level 2.8 Shields


You had one spell level left.
You didn't know any spells.
Your spell library was empty.

Dungeon Overview and Level Annotations

Branches:
Dungeon (1/15)

Altars:


Innate Abilities, Weirdness & Mutations

You have an unusually large brain. (Int +2)


Message History

A quokka is nearby!
You see here a frilled lizard corpse.
The quokka bites you but does no damage.
You see here 23 stones.
You block the quokka's attack. You block the quokka's attack.
The quokka barely misses you.
You closely miss the quokka. The quokka bites you.
* * * LOW HITPOINT WARNING * * *
You block the quokka's attack.
You take 2 damage, and have 1/18 hp.
You barely miss the quokka. You block the quokka's attack.
You hit the quokka.
The quokka is severely wounded.
The quokka bites you but does no damage.
The quokka barely misses you.
You hit the quokka.
You kill the quokka!
Your Axes skill increases to level 2!
You see here a quokka corpse.
You start resting.
You start resting.
HP restored.
Health restored: 18 You start waiting.
Done waiting.
You see here a quokka skeleton.
Found a ring mail.
A bat comes into view.
A bat is nearby!
A bat is nearby!
A bat is nearby!
The bat barely misses you.
You slash the bat!
You kill the bat!
You have reached level 2!
Your demonic ancestry asserts itself...
Your brain expands.
Health restored: 24; MP restored: 2 Are you sure you want to abandon this character and quit the game? (Confirm with "yes".)

#........# .........#
#.######รท#############
#.# ####............[.
#.###......###.#######
#.##.#.#.### #.#
..#......# #.#
###.##.#.# #.#########
#>#...## #..@.......
#<##.## ###########
####.# #.#


There were no monsters in sight!

Vanquished Creatures
  2 hobgoblins (D:1)
  2 quokkas (D:1)
  2 bats (D:1)
  A frilled lizard (D:1)
  A kobold (D:1)
8 creatures vanquished.

Notes
Turn   | Place    | Note
-------+----------+-------------------------------------------
     0 | D:1      | tatocazan the Demonspawn Fighter began the quest for the
                  | Orb.
     0 | D:1      | Reached XP level 1. HP: 18/18 MP: 1/1
   522 | D:1      | Gained mutation: You have an unusually large brain. (Int
                  | +2) [demonic ancestry]
   522 | D:1      | Reached XP level 2. HP: 24/24 MP: 2/2
   522 | D:1      | Quit the game

Illustrated notes

Levels and vault maps discovered:
D:1:      dpeg_arrival_tiny_k, layout_loops_ring, hangedman_abyss_or_decor_stabs

Skill      XL: |  1 |
---------------+----+-----
Axes           | 2 |  2.0
Fighting       | |  3.1
Armour         | |  2.8
Shields        | |  2.8

Action                   || total
-------------------------++-------
Melee: War axe           ||    43
Armor: Scale mail        ||    16
Dodge: Dodged            ||    21
Block: Kite shield       ||    19
       Buckler           ||     3

Table legend: (Time is in decaauts)
 A = Elapsed time spent in this place.
 B = Non-inter-level travel time spent in this place.
 C = Inter-level travel time spent in this place.
 D = Time resting spent in this place.
 E = Time spent auto-exploring this place.
 F = Levels seen in this place.
 G = Mean time per level.
                   A        B        C        D        E       F      G
               +--------+--------+--------+--------+--------+-----+--------+
         Total |    548 |    548 |      0 |    378 |     43 |   1 |  548.0 |
       Dungeon |    548 |    548 |      0 |    378 |     43 |   1 |  548.0 |
               +--------+--------+--------+--------+--------+-----+--------+

Top non-repeatable levels by time:
     D:1: 548 daAuts
